AoeStats
← regular.victor

Arena

509436365Analyzed
1v1 RM · 7d ago on Sep 26, 2026· 54m 23s· 2 players
Game mode
Random Map
Map size
Tiny (2 player)
Population
200
Speed
Normal
Resources
Standard
Victory
Conquest
Starting age
Dark Age
Ending age
Imperial Age
RankedLock teamsTeams togetherTeam positionsShared explorationLock speedFull tech treeHidden civsTurbo modeCheats
Victory
Defeat
🇲🇽 Mongols · Mexico
364
+14
🇷🇴 Franks · Romania
325
-14
regular.victor
1:53 Loom
9:32 Feudal Age
13:09 Double-Bit Axe
17:13 Castle Age
18:14 Stone Mining
18:21 Fletching
18:41 Squires
19:07 Man-at-Arms
20:23 Forging
30:25 Scale Mail Armor
31:53 Bodkin Arrow
34:23 Pikeman
34:50 Gambesons
34:51 Arson
35:56 Bow Saw
37:36 Ballistics
37:12 Murder Holes
38:08 Treadmill Crane
38:39 Masonry
41:47 Imperial Age
38:58 Elite Skirmisher
39:53 Scale Barding Armor
42:13 Gold Mining
43:43 Iron Casting
46:36 Halberdier
46:39 Cavalier
47:20 Husbandry
49:13 Hoardings
48:54 Padded Archer Armor
50:18 Chemistry
49:11 Guard Tower
52:31 Conscription
52:21 Elite Throwing Axeman
Manigoldo870630
10:20 Feudal Age
13:50 Double-Bit Axe
14:39 Horse Collar
20:24 Castle Age
24:11 Bow Saw
24:05 Heavy Plow
26:19 Stone Mining
28:59 Masonry
28:45 Murder Holes
28:59 Nomads
29:49 Light Cavalry
30:30 Husbandry
30:41 Bloodlines
31:50 Scale Barding Armor
31:55 Forging
31:46 Padded Archer Armor
31:41 Gold Mining
32:57 Wheelbarrow
33:45 Stone Shaft Mining
33:50 Gold Shaft Mining
33:39 Chain Barding Armor
33:20 Scale Mail Armor
33:11 Fletching
33:48 Ballistics
37:15 Imperial Age
36:57 Town Watch
37:29 Hand Cart
36:59 Loom
37:20 Bodkin Arrow
37:42 Leather Archer Armor
38:02 Iron Casting
37:43 Chain Mail Armor
37:32 Hussar
37:34 Cavalier
37:36 Heavy Camel Rider
38:59 Conscription
39:38 Town Patrol
39:27 Elite Mangudai
43:30 Blast Furnace
42:31 Bracer
43:06 Plate Mail Armor
42:10 Capped Ram
43:39 Hoardings
44:06 Heavy Scorpion
45:26 Drill
45:10 Herbal Medicine
45:19 Devotion
46:23 Chemistry
45:29 Siege Engineers
45:05 Siege Ram
Connection lost

Rejoining the realm…

Still unreachable

The connection could not be restored.

Session expired

The server has moved on; the page needs a fresh start.